HSSL
JEFFERSONVILLE-YOUNGSVILLE CENTRAL HS TROJANS @ RANDALL HS RAIDERS
04/30/2027
 
TOP OF THE 1ST
Jeffersonville-Youngsville Central HS Trojans batting - Pitching for Randall HS Raiders : RHP Fernando Clark
Pitching: RHP Fernando Clark
Batting: RHB José Rocha 0-0: Bunt for hit - play at first, batter OUT! 1-3
Batting: RHB Steve Mitchell 0-0: Foul Ball, location: 2F
0-1: Ball
1-1: Ball
2-1: Foul Ball, location: 2F
2-2: Strikes out swinging, 2-3 out at first.
Batting: LHB Ben Webb 0-0: Ball
1-0: Called Strike
1-1: Foul Ball, location: 2F
1-2: Ball
2-2: Foul Ball, location: 2F
2-2: Foul Ball, location: 2F
2-2: Fly out, F9 (Flyball, 89D)
Top of the 1st over - 0 run(s), 0 hit(s), 0 error(s), 0 left on base; Jeffersonville-Youngsville Central HS 0 - Randall HS 0
BOTTOM OF THE 1ST
Randall HS Raiders batting - Pitching for Jeffersonville-Youngsville Central HS Trojans : RHP Russ Hammond
Pitching: RHP Russ Hammond
Batting: RHB Jesús Salazar 0-0: Ball
1-0: Foul Ball, location: 2F
1-1: Ball
2-1: Foul Ball, location: 2F
2-2: SINGLE (Flyball, 89S)
Batting: RHB Mike Connor 0-0: Ball
1-0: Called Strike
1-1: Ball
2-1: Foul Ball, location: 2F
2-2: Foul Ball, location: 2F
2-2: 2-RUN HOME RUN (Line Drive, 78XD), Distance : 410 ft
Batting: LHB Buddy Jones 0-0: Called Strike
0-1: Foul Ball, location: 2F
0-2: Foul Ball, location: 2F
0-2: Strikes out swinging
Batting: LHB José Gonzáles 0-0: Called Strike
0-1: Foul Ball, location: 2F
0-2: Ball
1-2: Ball
2-2: Ball
3-2: Foul Ball, location: 2F
3-2: Base on Balls
Batting: RHB Stephen McNeely 0-0: Called Strike
0-1: Foul Ball, location: 2F
0-2: Strikes out swinging
Batting: LHB Luis Antonio Cortéz 0-0: Ball
1-0: Called Strike
1-1: Swinging Strike
1-2: Strikes out swinging
Bottom of the 1st over - 2 run(s), 2 hit(s), 0 error(s), 1 left on base; Jeffersonville-Youngsville Central HS 0 - Randall HS 2
TOP OF THE 2ND
Jeffersonville-Youngsville Central HS Trojans batting - Pitching for Randall HS Raiders : RHP Fernando Clark
Batting: RHB Ben Bradley 0-0: Ball
1-0: Foul Ball, location: 2F
1-1: Foul Ball, location: 2F
1-2: Ground out 5-3 (Groundball, 56S)
Batting: LHB Tomás Mata 0-0: Ball
1-0: Called Strike
1-1: Called Strike
1-2: Ball
2-2: Fly out, F7 (Line Drive, 7)
Batting: RHB Duane Bradley 0-0: Fly out, F9 (Flyball, 9LSF)
Top of the 2nd over - 0 run(s), 0 hit(s), 0 error(s), 0 left on base; Jeffersonville-Youngsville Central HS 0 - Randall HS 2
BOTTOM OF THE 2ND
Randall HS Raiders batting - Pitching for Jeffersonville-Youngsville Central HS Trojans : RHP Russ Hammond
Batting: RHB Flynn Roberts 0-0: Ball
1-0: Foul Ball, location: 2F
1-1: Ball
2-1: Ground out 1-3 (Groundball, 15S)
Batting: RHB Cisco Villa 0-0: Called Strike
0-1: Ball
1-1: Foul Ball, location: 2F
1-2: Ball
2-2: SINGLE (Flyball, 78S)
Batting: LHB John Roberts 0-0: Foul Ball, location: 2F
0-1: Ball
1-1: Swinging Strike
1-2: Ball
2-2: Fly out, F7 (Flyball, 7S)
Batting: RHB Jesús Salazar 0-0: Ball
1-0: Swinging Strike
1-1: Ball
2-1: Swinging Strike
2-2: Foul Ball, location: 2F
2-2: Ball
3-2: Base on Balls
Cisco Villa to second
Batting: RHB Mike Connor 0-0: Ball
1-0: Swinging Strike
1-1: Foul Ball, location: 2F
1-2: SINGLE (Groundball, 6MD)
Cisco Villa to third
Jesús Salazar to second
Runner from 3rd tries for Home, SAFE, no throw
Batting: LHB Buddy Jones 0-0: Ball
1-0: Ball
2-0: Ball
3-0: Called Strike
3-1: Foul Ball, location: 2F
3-2: Ground out 1-3 (Groundball, 13S)
Bottom of the 2nd over - 1 run(s), 2 hit(s), 0 error(s), 2 left on base; Jeffersonville-Youngsville Central HS 0 - Randall HS 3
TOP OF THE 3RD
Jeffersonville-Youngsville Central HS Trojans batting - Pitching for Randall HS Raiders : RHP Fernando Clark
Batting: RHB Robbie Harris 0-0: Ball
1-0: Ball
2-0: SINGLE (Line Drive, 4)
Batting: RHB Mike Weeks 0-0: Called Strike
0-1: 2-RUN HOME RUN (Flyball, 78XD), Distance : 392 ft
Batting: RHB Albert Hunt 0-0: Called Strike
0-1: Swinging Strike
0-2: Strikes out swinging
Batting: RHB José Rocha 0-0: Called Strike
0-1: SINGLE (Groundball, 34D)
Batting: RHB Steve Mitchell 0-0: Called Strike
José Rocha steals 2nd base
0-1: Ball
1-1: Ball
2-1: Ball
3-1: Base on Balls
Batting: LHB Ben Webb 0-0: Called Strike
0-1: Ball
1-1: Grounds into double play, 4-6-3 (Groundball, 34)
Top of the 3rd over - 2 run(s), 3 hit(s), 0 error(s), 1 left on base; Jeffersonville-Youngsville Central HS 2 - Randall HS 3
BOTTOM OF THE 3RD
Randall HS Raiders batting - Pitching for Jeffersonville-Youngsville Central HS Trojans : RHP Russ Hammond
Batting: LHB José Gonzáles 0-0: Foul Ball, location: 2F
0-1: Ball
1-1: SINGLE (Groundball, 4D)
Batting: RHB Stephen McNeely 0-0: Ball
1-0: SINGLE (Groundball, 6MD)
José Gonzáles to second
Batting: LHB Luis Antonio Cortéz 0-0: Called Strike
0-1: Reached on error, E5 (Groundball, 56)
José Gonzáles to third
Stephen McNeely to second
Batting: RHB Flynn Roberts 0-0: Ball
1-0: Fly out, F7 (Flyball, 7LSF)
Runner from 3rd tags up, SCORES, no throw
Batting: RHB Cisco Villa 0-0: Called Strike
0-1: Foul Ball, location: 2F
0-2: Foul Ball, location: 2F
0-2: Foul Ball, location: 2F
0-2: Foul Ball, location: 2F
0-2: SINGLE (Groundball, 56D)
Stephen McNeely to third
Luis Antonio Cortéz to second
Batting: LHB John Roberts 0-0: Ball
1-0: Ball
2-0: Fly out, F7 (Flyball, 78S)
Batting: RHB Jesús Salazar 0-0: Ball
1-0: Ball
2-0: Called Strike
2-1: Fly out, F9 (Flyball, 89M)
Bottom of the 3rd over - 1 run(s), 3 hit(s), 1 error(s), 3 left on base; Jeffersonville-Youngsville Central HS 2 - Randall HS 4
TOP OF THE 4TH
Jeffersonville-Youngsville Central HS Trojans batting - Pitching for Randall HS Raiders : RHP Fernando Clark
Batting: RHB Ben Bradley 0-0: Ball
1-0: Called Strike
1-1: Ball
2-1: SINGLE (Line Drive, 4D)
Batting: LHB Tomás Mata 0-0: Ball
1-0: Swinging Strike
1-1: Foul Ball, location: 2F
1-2: Ball
2-2: Ball
3-2: SINGLE (Groundball, 3D)
Ben Bradley to second
Batting: RHB Duane Bradley 0-0: Ball
1-0: Swinging Strike
1-1: Ball
2-1: Foul Ball, location: 2F
2-2: Strikes out swinging
Batting: RHB Robbie Harris 0-0: Foul Ball, location: 2F
0-1: Fielders Choice at 3rd, U5 (Groundball, 5L)
Tomás Mata to second
Batting: RHB Mike Weeks 0-0: Ball
1-0: SINGLE (Flyball, 7S)
Tomás Mata to third
Robbie Harris to second
Batting: RHB Albert Hunt 0-0: Ball
1-0: Foul Ball, location: 2F
1-1: GRAND SLAM HOME RUN (Flyball, 8LXD), Distance : 434 ft
Batting: RHB José Rocha 0-0: Ball
1-0: Called Strike
1-1: Ball
2-1: Foul Ball, location: 2F
2-2: Fly out, F9 (Flyball, 9LSF)
Top of the 4th over - 4 run(s), 4 hit(s), 0 error(s), 0 left on base; Jeffersonville-Youngsville Central HS 6 - Randall HS 4
BOTTOM OF THE 4TH
Randall HS Raiders batting - Pitching for Jeffersonville-Youngsville Central HS Trojans : RHP Russ Hammond
Batting: RHB Mike Connor 0-0: Foul Ball, location: 2F
0-1: Ball
1-1: Called Strike
1-2: Strikes out swinging
Batting: LHB Buddy Jones 0-0: Called Strike
0-1: Swinging Strike
0-2: Ball
1-2: Foul Ball, location: 2F
1-2: SINGLE (Line Drive, 4MD)
Batting: LHB José Gonzáles 0-0: Called Strike
Buddy Jones is caught stealing 2nd base
0-1: Called Strike
0-2: Ball
1-2: Ball
2-2: Strikes out swinging
Bottom of the 4th over - 0 run(s), 1 hit(s), 0 error(s), 0 left on base; Jeffersonville-Youngsville Central HS 6 - Randall HS 4
TOP OF THE 5TH
Jeffersonville-Youngsville Central HS Trojans batting - Pitching for Randall HS Raiders : RHP Fernando Clark
Pitching: RHP Ron Meany
Batting: RHB Steve Mitchell 0-0: Ball
1-0: Ball
2-0: Fly out, F4 (Popup, 4)
Batting: LHB Ben Webb 0-0: Foul Ball, location: 2F
0-1: Ball
1-1: Foul Ball, location: 2F
1-2: Foul Ball, location: 2F
1-2: SOLO HOME RUN (Flyball, 9D), Distance : 383 ft
Batting: RHB Ben Bradley 0-0: Called Strike
0-1: Ground out 4-3 (Groundball, 4)
Batting: LHB Tomás Mata 0-0: Foul Ball, location: 2F
0-1: Called Strike
0-2: Strikes out swinging
Top of the 5th over - 1 run(s), 1 hit(s), 0 error(s), 0 left on base; Jeffersonville-Youngsville Central HS 7 - Randall HS 4
BOTTOM OF THE 5TH
Randall HS Raiders batting - Pitching for Jeffersonville-Youngsville Central HS Trojans : RHP Russ Hammond
Batting: RHB Stephen McNeely 0-0: Foul Ball, location: 2F
0-1: Ball
1-1: SINGLE (Flyball, 8RS)
Batting: LHB Luis Antonio Cortéz 0-0: Ball
1-0: Ball
2-0: Ball
3-0: Called Strike
3-1: Base on Balls
Stephen McNeely to second
Batting: RHB Flynn Roberts 0-0: Ball
1-0: SINGLE (Groundball, 3D)
Stephen McNeely to third
Luis Antonio Cortéz to second
Runner from 3rd tries for Home, SAFE, throw made home
Luis Antonio Cortéz to third
Flynn Roberts to second
Batting: RHB Cisco Villa 0-0: Ball
1-0: Ground out 6-3 (Groundball, 6)
Luis Antonio Cortéz scores
Flynn Roberts to third
Batting: LHB John Roberts 0-0: Ball
1-0: Ball
2-0: Ball
3-0: Base on Balls
Batting: RHB Jesús Salazar 0-0: Ball
1-0: SINGLE (Flyball, 8RS)
Flynn Roberts scores
John Roberts to second
Pitching: RHP Victor Justice
Batting: RHB Mike Connor 0-0: Foul Ball, location: 2F
0-1: Ball
1-1: Fly out, F5 (Popup, 56D)
Batting: LHB Buddy Jones 0-0: Ball
1-0: Ball
2-0: Ball
3-0: Base on Balls
John Roberts to third
Jesús Salazar to second
Batting: LHB José Gonzáles 0-0: Ball
1-0: Swinging Strike
1-1: Swinging Strike
1-2: Strikes out swinging
Bottom of the 5th over - 3 run(s), 3 hit(s), 0 error(s), 3 left on base; Jeffersonville-Youngsville Central HS 7 - Randall HS 7
TOP OF THE 6TH
Jeffersonville-Youngsville Central HS Trojans batting - Pitching for Randall HS Raiders : RHP Ron Meany
Batting: RHB Duane Bradley 0-0: Called Strike
0-1: Swinging Strike
0-2: Strikes out swinging
Batting: RHB Robbie Harris 0-0: Ball
1-0: Called Strike
1-1: Ground out 6-3 (Groundball, 6)
Batting: RHB Mike Weeks 0-0: Ball
1-0: Called Strike
1-1: Fly out, F8 (Flyball, 8LM)
Top of the 6th over - 0 run(s), 0 hit(s), 0 error(s), 0 left on base; Jeffersonville-Youngsville Central HS 7 - Randall HS 7
BOTTOM OF THE 6TH
Randall HS Raiders batting - Pitching for Jeffersonville-Youngsville Central HS Trojans : RHP Victor Justice
Batting: RHB Stephen McNeely 0-0: Ball
1-0: Foul Ball, location: 2F
1-1: SINGLE (Groundball, 34S) (infield hit)
Pitching: RHP James Baker
Batting: LHB Luis Antonio Cortéz 0-0: Ball
1-0: Foul Ball, location: 2F
1-1: Foul Ball, location: 2F
1-2: Ball
2-2: Fly out, F7 (Flyball, 7LM)
Batting: RHB Flynn Roberts 0-0: Ball
1-0: Ball
2-0: Foul Ball, location: 2F
2-1: Ball
3-1: Base on Balls
Stephen McNeely to second
Pitching: RHP Jim Bryant
Batting: RHB Cisco Villa 0-0: Called Strike
0-1: Swinging Strike
0-2: Ball
1-2: Ball
2-2: Strikes out looking
Batting: LHB John Roberts 0-0: Called Strike
0-1: Ball
1-1: Ball
2-1: SINGLE (Groundball, 56D)
Stephen McNeely to third
Flynn Roberts to second
Pitching: RHP Marty Ford
Batting: RHB Jesús Salazar 0-0: Called Strike
0-1: Foul Ball, location: 2F
0-2: Ball
1-2: Strikes out swinging
Bottom of the 6th over - 0 run(s), 2 hit(s), 0 error(s), 3 left on base; Jeffersonville-Youngsville Central HS 7 - Randall HS 7
TOP OF THE 7TH
Jeffersonville-Youngsville Central HS Trojans batting - Pitching for Randall HS Raiders : RHP Ron Meany
Batting: RHB Albert Hunt 0-0: Fly out, F9 (Line Drive, 9)
Batting: RHB José Rocha 0-0: Called Strike
0-1: Foul Ball, location: 2F
0-2: Foul Ball, location: 2F
0-2: Strikes out swinging
Batting: RHB Steve Mitchell 0-0: Ball
1-0: Ball
2-0: Swinging Strike
2-1: Ball
3-1: Base on Balls
Batting: LHB Ben Webb 0-0: Foul Ball, location: 2F
0-1: Ball
1-1: Called Strike
1-2: Strikes out swinging
Top of the 7th over - 0 run(s), 0 hit(s), 0 error(s), 1 left on base; Jeffersonville-Youngsville Central HS 7 - Randall HS 7
BOTTOM OF THE 7TH
Randall HS Raiders batting - Pitching for Jeffersonville-Youngsville Central HS Trojans : RHP Marty Ford
Batting: RHB Mike Connor 0-0: Foul Ball, location: 2F
0-1: Ball
1-1: Ball
2-1: Reached on error, E9 (Flyball, 9S)
Pitching: RHP Johnny Outram
Batting: LHB Buddy Jones 0-0: Ball
Mike Connor steals 2nd base
1-0: Intentional Walk
Batting: LHB José Gonzáles 0-0: Called Strike
0-1: Fly out, F4 (Line Drive, 4)
Batting: RHB Stephen McNeely 0-0: Ball
1-0: Ball
2-0: Called Strike
2-1: Foul Ball, location: 2F
2-2: Foul Ball, location: 2F
2-2: Strikes out swinging
Batting: LHB Luis Antonio Cortéz 0-0: Called Strike
0-1: Ball
1-1: Reached on error, E6 (Groundball, 6M)
Mike Connor to third
Buddy Jones to second
Batting: RHB Flynn Roberts 0-0: SINGLE (Line Drive, 7LS)
Mike Connor scores
Buddy Jones to third
Luis Antonio Cortéz to second
Batting: RHB Cisco Villa 0-0: Ball
1-0: Ball
2-0: Called Strike
2-1: Called Strike
2-2: SINGLE (Groundball, 56D)
Buddy Jones scores
Luis Antonio Cortéz to third
Flynn Roberts to second
Runner from 3rd tries for Home, SAFE, no throw
Batting: LHB John Roberts 0-0: Ball
1-0: Fly out, F8 (Flyball, 8LD)
Bottom of the 7th over - 3 run(s), 2 hit(s), 2 error(s), 2 left on base; Jeffersonville-Youngsville Central HS 7 - Randall HS 10
TOP OF THE 8TH
Jeffersonville-Youngsville Central HS Trojans batting - Pitching for Randall HS Raiders : RHP Ron Meany
Now at C: Derek Hartman
Batting: RHB Ben Bradley 0-0: Called Strike
0-1: Swinging Strike
0-2: Ball
1-2: Foul Ball, location: 2F
1-2: Strikes out swinging
Batting: LHB Tomás Mata 0-0: Ball
1-0: Swinging Strike
1-1: Ball
2-1: Swinging Strike
2-2: Hit by Pitch
Pitching: RHP Eric Hartley
Batting: RHB Duane Bradley 0-0: Called Strike
0-1: Ball
1-1: Ball
2-1: SINGLE (Flyball, 89S)
Tomás Mata to second
Runner from 2nd tries for 3rd, SAFE, no throw
Batting: RHB Robbie Harris 0-0: Foul Ball, location: 2F
0-1: Ball
1-1: Ball
2-1: Ball
3-1: Base on Balls
Duane Bradley to second
Pinch Hitting: RHB Albert Smedley 0-0: Called Strike
0-1: Ball
1-1: Ball
2-1: Foul Ball, location: 2F
2-2: Foul Ball, location: 2F
2-2: Ball
3-2: GRAND SLAM HOME RUN (Flyball, 7D), Distance : 385 ft
Pitching: RHP John Hill
Batting: RHB Albert Hunt 0-0: Ball
1-0: Called Strike
1-1: Ball
2-1: Ground out 4-3 (Groundball, 4)
Batting: RHB José Rocha 0-0: Called Strike
0-1: Ball
1-1: Called Strike
1-2: Strikes out swinging
Top of the 8th over - 4 run(s), 2 hit(s), 0 error(s), 0 left on base; Jeffersonville-Youngsville Central HS 11 - Randall HS 10
BOTTOM OF THE 8TH
Randall HS Raiders batting - Pitching for Jeffersonville-Youngsville Central HS Trojans : RHP Johnny Outram
Now in CF: Albert Smedley
Batting: RHB Jesús Salazar 0-0: Called Strike
0-1: Ground out 5-3 (Groundball, 5L)
Batting: RHB Mike Connor 0-0: Ball
1-0: Ball
2-0: SINGLE (Flyball, 89S)
Batting: LHB Buddy Jones 0-0: Ball
1-0: SINGLE (Groundball, 34D)
Mike Connor to second
Runner from 2nd tries for 3rd, SAFE, throw made to third
Pitching: LHP Mike McGee
Batting: LHB José Gonzáles 0-0: Ball
1-0: Ball
2-0: Foul Ball, location: 2F
2-1: Foul Ball, location: 2F
2-2: Ball
3-2: Fly out, F8 (Flyball, 78M)
Runner from 3rd tags up, SCORES, throw made
Batting: RHB Stephen McNeely 0-0: Ball
1-0: Foul Ball, location: 2F
1-1: Ball
2-1: Ball
3-1: Base on Balls
Buddy Jones to second
Batting: LHB Luis Antonio Cortéz 0-0: Foul Ball, location: 2F
0-1: Ball
1-1: Foul Ball, location: 2F
1-2: Ball
2-2: Ball
3-2: SINGLE (Flyball, 8LS)
Buddy Jones to third
Stephen McNeely to second
Buddy Jones scores
Stephen McNeely to third
Batting: RHB Flynn Roberts 0-0: Ball
1-0: SINGLE (Groundball, 6MD)
Stephen McNeely scores
Luis Antonio Cortéz to second
Runner from 2nd tries for 3rd, SAFE, throw made to third
Flynn Roberts to second
Pinch Runner at 3rd Jacob Bowden:
Batting: RHB Cisco Villa 0-0: Called Strike
0-1: Foul Ball, location: 2F
0-2: Ball
1-2: Foul Ball, location: 2F
1-2: Ball
2-2: Ground out 5-3 (Groundball, 56S)
Bottom of the 8th over - 3 run(s), 4 hit(s), 0 error(s), 2 left on base; Jeffersonville-Youngsville Central HS 11 - Randall HS 13
TOP OF THE 9TH
Jeffersonville-Youngsville Central HS Trojans batting - Pitching for Randall HS Raiders : RHP John Hill
Pitching: LHP Jaime Sierra
Now at SS: Jacob Bowden
Batting: RHB Steve Mitchell 0-0: Ball
1-0: Called Strike
1-1: Swinging Strike
1-2: Strikes out swinging
Batting: LHB Ben Webb 0-0: Ball
1-0: Foul Ball, location: 2F
1-1: Ball
2-1: Ball
3-1: Swinging Strike
3-2: SINGLE (Flyball, 9LM)
Batting: RHB Ben Bradley 0-0: Ball
1-0: Called Strike
1-1: Foul Ball, location: 2F
1-2: SINGLE (Groundball, 56D)
Ben Webb to second
Batting: LHB Tomás Mata 0-0: Fly out, F7 (Flyball, 7LS)
Batting: RHB Duane Bradley 0-0: Ball
1-0: Called Strike
1-1: Ball
2-1: Foul Ball, location: 2F
2-2: Ground out U3 (Groundball, 3S)
Top of the 9th over - 0 run(s), 2 hit(s), 0 error(s), 2 left on base; Jeffersonville-Youngsville Central HS 11 - Randall HS 13
Thursday, March 30th, 2017 - OOTP Baseball 17.12 Build 75